Map: Data-C

Players

PandaBearMe

  • Race: Zerg Zerg
  • Spawn Location: 3:00

Raza - Winner!

  • Race: Terran Terran
  • Spawn Location: 9:00

Event: DreamHack SC2 Masters 2022 Atlanta (Offline)

VOD

Have the link to the VOD?

Description

Time

  • Played on: Nov. 18, 2022, 10:45 a.m.
  • Length: 7:55

All games in this series

Show
View Real Time Build Order
Export as new Build Order

PandaBearMe Zerg 

Build Orders: Hatch First, Ravager All-In 

Get SALT Encoding   

  12  0:00  Drone  
  13  0:12  Overlord  
  13  0:17  Drone  
  14  0:30  Drone x2  
  16  0:48  Hatchery  
  15  0:52  Drone  
  15  0:56  Drone  
  17  0:59  Drone  
  17  1:03  Extractor  
  17  1:15  Spawning Pool  
  17  1:17  Drone  
  17  1:24  Drone  
  18  1:29  Drone  
  19  1:40  Drone  
  20  1:48  Overlord  
  20  2:01  Queen  
  20  2:06  Spine Crawler  
  20  2:08  Zergling x2  
  24  2:10  Zergling x2  
  24  2:13  Zergling x2  
  26  2:16  Zergling x2  
  26  2:22  Roach Warren  
  24  2:23  Extractor  
  24  2:33  Overlord  
  23  2:54  Drone x2  
  23  2:58  Overlord  
  25  3:03  Roach x2  
  29  3:07  Roach  
  29  3:10  Roach  
  33  3:17  Roach  
  35  3:27  Ravager  
  35  3:28  Ravager  
  35  3:29  Ravager  
  35  3:30  Ravager  
  35  3:32  Roach  
  41  3:47  Ravager  
  42  4:02  Drone  
  42  4:03  Hatchery  
  42  4:09  Ravager  
  42  4:15  Overlord  
  42  4:19  Overlord  
  41  4:50  Roach x2  
  41  4:52  Drone  
  41  5:09  Hatchery  
  41  5:10  Drone  
  41  5:11  Drone x4  
  45  5:19  Queen  
  44  5:34  Queen  
  43  5:43  Drone  
  43  5:44  Drone  
  43  5:47  Spore Crawler, Drone  
  43  5:48  Drone  
  43  5:49  Drone  
  47  5:52  Drone  
  48  5:59  Overlord  
  48  6:07  Drone x3  
  48  6:08  Drone  
  49  6:12  Queen  
  49  6:16  Spore Crawler  
  49  6:17  Drone  
  51  6:19  Drone  
  51  6:22  Drone  
  53  6:26  Drone  
  53  6:28  Drone  
  55  6:33  Drone  
  55  6:34  Drone x3  
  55  6:35  Drone  
  60  6:48  Lair  
  60  6:54  Overlord  
  60  6:57  Spore Crawler  
  60  6:59  Spore Crawler  
  58  7:07  Overlord  
  57  7:09  Drone  
  57  7:12  Queen  
  56  7:21  Roach x2  
  55  7:24  Zergling x6  
  57  7:30  Drone x2  
  57  7:31  Drone x2  
  57  7:32  Extractor  
  57  7:33  Extractor  
  57  7:35  Drone x2  
Show
View Real Time Build Order
Export as new Build Order

Raza Terran - Winner!

Build Orders:  

Get SALT Encoding   

  12  0:00  SCV  
  13  0:12  SCV  
  14  0:18  Supply Depot  
  14  0:24  SCV  
  15  0:41  Barracks  
  15  0:52  Barracks  
  15  0:56  SCV  
  16  1:08  SCV  
  17  1:20  SCV  
  17  1:22  Refinery  
  18  1:29  Marine  
  18  1:32  Orbital Command  
  19  1:36  Supply Depot  
  19  1:39  Marine  
  20  1:47  Marine  
  21  1:56  Bunker  
  21  1:57  Marine  
  21  1:58  SCV  
  23  2:05  Marine  
  24  2:09  Bunker  
  24  2:13  SCV  
  24  2:15  Marine  
  26  2:24  Marine  
  26  2:26  SCV  
  26  2:29  Factory  
  28  2:37  Marine  
  28  2:40  Supply Depot  
  28  2:42  Marine  
  28  2:43  SCV  
  31  3:01  Marine  
  31  3:02  SCV  
  33  3:15  SCV, Starport  
  33  3:18  Factory Tech Lab  
  34  3:21  Refinery  
  34  3:27  SCV  
  34  3:31  Supply Depot  
  35  3:39  SCV  
  36  3:43  Bunker  
  39  3:48  Cyclone  
  39  3:52  SCV  
  40  3:56  Supply Depot  
  38  4:03  Bunker  
  38  4:15  Command Center  
  38  4:26  Banshee, Cloaking Field  
  41  4:34  SCV  
  41  4:51  SCV  
  38  4:59  Barracks Reactor, Command Center  
  38  5:03  SCV  
  37  5:15  Supply Depot  
  37  5:26  Banshee  
  37  5:27  SCV  
  41  5:33  Orbital Command  
  41  5:37  Marine x2  
  41  5:39  SCV, Barracks Tech Lab  
  41  5:40  Factory Reactor  
  44  5:51  SCV  
  45  5:59  Orbital Command  
  45  6:01  Marine  
  45  6:02  Stimpack, Marine x2  
  45  6:03  SCV  
  49  6:13  Orbital Command  
  49  6:15  SCV  
  50  6:25  SCV  
  51  6:27  SCV  
  51  6:31  Marine x2  
  51  6:32  Medivac, Marine  
  55  6:33  Medivac  
  55  6:37  Siege Tank  
  55  6:39  SCV  
  63  6:40  SCV  
  64  6:50  SCV  
  64  6:51  Supply Depot, SCV  
  64  6:52  SCV  
  64  6:53  Supply Depot, Marine  
  64  6:54  Marine  
  69  7:00  Marine  
  70  7:02  SCV  
  70  7:06  Medivac x2  
  75  7:14  Marine  
  73  7:16  SCV  
  73  7:18  SCV  
  73  7:21  SCV  
  73  7:22  Refinery  
  75  7:24  Engineering Bay, Refinery  
  75  7:25  Engineering Bay  
  75  7:28  SCV  
  78  7:33  Marine x2  
  78  7:34  Marine  
  78  7:36  SCV  
Tags
 
Add a new tag
Caveats
  • Supply blocks, unpowered buildings, or Contaminate may cause inaccurate times.
  • Supply counts are checked every 10 seconds.